Map: [ESL] Data-C

Players

Reynor - Winner!

  • Race: Zerg Zerg
  • Spawn Location: 9:00

GunGFuBanDa

  • Race: Protoss Protoss
  • Spawn Location: 3:00

Event: DreamHack SC2 Masters 2022 Atlanta (Online)

VOD

Have the link to the VOD?

Description

Time

  • Played on: Oct. 11, 2022, 1:59 p.m.
  • Length: 13:29

All games in this series

Show
View Real Time Build Order
Export as new Build Order

Reynor Zerg - Winner!

Build Orders: Hatch First 

Get SALT Encoding   

  12  0:00  Drone  
  13  0:12  Overlord  
  13  0:16  Drone  
  14  0:30  Drone x2  
  16  0:47  Hatchery  
  15  0:52  Drone  
  15  0:55  Drone  
  17  0:58  Drone  
  18  1:10  Extractor  
  17  1:15  Spawning Pool  
  17  1:17  Drone  
  17  1:21  Drone  
  18  1:28  Drone  
  19  1:39  Drone  
  20  1:49  Overlord  
  20  2:00  Drone x2  
  20  2:01  Queen x2  
  26  2:10  Zergling x2  
  26  2:11  Drone  
  28  2:21  Zergling x2, Drone  
  30  2:28  Hatchery  
  29  2:33  Drone x2  
  31  2:40  Metabolic Boost  
  31  2:42  Drone  
  32  2:44  Overlord  
  32  2:54  Drone x2  
  32  2:56  Queen  
  36  3:05  Drone  
  37  3:06  Drone  
  37  3:07  Queen  
  37  3:12  Overlord  
  40  3:14  Drone x2  
  40  3:16  Drone  
  43  3:20  Drone  
  44  3:27  Overlord  
  44  3:31  Drone  
  44  3:32  Queen  
  47  3:37  Drone  
  47  3:39  Drone  
  48  3:42  Drone  
  48  3:46  Queen  
  48  3:48  Queen, Drone  
  52  3:52  Drone  
  52  3:53  Spore Crawler  
  54  3:55  Drone  
  54  3:57  Drone  
  54  4:01  Overlord  
  56  4:03  Zergling x2  
  56  4:04  Zergling x6  
  60  4:11  Drone  
  60  4:12  Drone  
  60  4:13  Drone, Evolution Chamber  
  62  4:18  Overlord  
  62  4:19  Drone x2  
  62  4:20  Drone  
  62  4:23  Drone  
  66  4:28  Drone  
  67  4:31  Drone  
  67  4:34  Drone  
  67  4:37  Drone  
  70  4:40  Zerg Melee Weapons Level 1  
  70  4:41  Drone x3  
  70  4:42  Spore Crawler  
  70  4:44  Drone x2  
  74  4:45  Baneling Nest  
  74  4:47  Extractor  
  74  4:49  Overlord  
  72  4:53  Spore Crawler  
  72  4:54  Drone  
  72  4:55  Drone  
  72  4:59  Zergling x10  
  78  5:06  Drone x2  
  79  5:12  Drone  
  79  5:13  Drone  
  80  5:14  Drone x2  
  80  5:17  Lair  
  80  5:19  Overlord  
  82  5:24  Drone  
  82  5:25  Drone  
  82  5:27  Overlord  
  84  5:31  Hatchery, Overlord  
  83  5:37  Extractor, Overlord  
  83  5:38  Drone x4  
  83  5:39  Drone x3  
  83  5:42  Overlord  
  89  5:46  Drone  
  89  5:47  Roach Warren  
  89  5:48  Extractor  
  89  5:50  Drone  
  89  5:53  Zergling x8  
  89  5:56  Zergling x2  
  94  5:58  Zergling x4  
  94  5:59  Zergling x2  
  94  6:02  Drone  
  98  6:05  Drone x2  
  98  6:07  Drone x2, Extractor x2  
  98  6:10  Overlord  
  100  6:14  Zergling x2  
  100  6:16  Zergling x2  
  100  6:18  Overlord  
  102  6:21  Baneling x6  
  102  6:25  Zergling x6, Overseer  
  105  6:26  Overlord  
  105  6:31  Baneling  
  105  6:32  Baneling  
  103  6:33  Roach x8  
  103  6:39  Roach x2  
  121  6:46  Baneling x2  
  121  6:47  Roach x2  
  121  6:49  Zergling x4  
  121  6:54  Zergling x2  
  128  6:55  Overlord  
  128  6:57  Roach x2  
  128  6:59  Zergling x6  
  132  7:05  Drone  
  132  7:07  Drone x3  
  132  7:08  Drone  
  135  7:11  Drone x2  
  135  7:15  Queen, Drone  
  136  7:17  Centrifugal Hooks  
  136  7:18  Zerg Melee Weapons Level 2  
  136  7:19  Queen, Drone x3  
  141  7:23  Drone x3  
  141  7:24  Drone  
  141  7:25  Drone x2  
  141  7:26  Drone  
  145  7:31  Drone  
  145  7:34  Drone x2  
  145  7:35  Spore Crawler  
  145  7:37  Drone  
  148  7:38  Glial Reconstitution  
  148  7:43  Roach  
  148  7:44  Spine Crawler  
  149  7:45  Overlord, Spine Crawler x2  
  149  7:47  Roach  
  149  7:48  Roach  
  149  7:49  Overlord  
  151  7:51  Overlord  
  151  7:53  Hatchery  
  151  7:58  Overlord  
  150  8:01  Zergling x2  
  150  8:05  Zergling x14, Infestation Pit  
  158  8:06  Zergling x4, Evolution Chamber  
  158  8:08  Zergling x2  
  158  8:09  Zergling x4  
  158  8:11  Zergling x2  
  162  8:14  Zergling x2  
  162  8:18  Zergling x6  
  162  8:19  Ravager x2  
  171  8:20  Ravager x4  
  171  8:25  Pneumatized Carapace  
  171  8:26  Zergling x14  
  179  8:28  Baneling  
  179  8:29  Baneling x13  
  179  8:30  Zergling x2  
  179  8:33  Spine Crawler  
  179  8:34  Drone  
  180  8:36  Zergling x10, Spine Crawler  
  180  8:38  Overlord x2  
  180  8:40  Overlord  
  184  8:44  Hive, Zerg Missile Weapons Level 1  
  174  8:58  Zergling x24  
  174  9:02  Roach x3  
  189  9:03  Roach  
  189  9:04  Roach  
  189  9:05  Roach x2  
  189  9:09  Zergling x4, Roach x2  
  186  9:14  Zergling x8  
  186  9:16  Spine Crawler  
  185  9:17  Zergling x4  
  185  9:18  Roach, Spine Crawler  
  185  9:21  Baneling x11  
  185  9:23  Zergling x2  
  185  9:24  Zergling x2  
  188  9:31  Baneling x13  
  188  9:33  Zergling x10  
  188  9:35  Drone  
  188  9:36  Drone x2  
  196  9:40  Zergling x6  
  196  9:41  Zergling x2  
  199  9:48  Baneling x9  
  199  9:49  Zergling x2, Baneling x5  
  199  10:01  Evolution Chamber  
  199  10:02  Spine Crawler  
  199  10:04  Zergling x16  
  194  10:12  Zergling x14  
  197  10:19  Drone x3  
  200  10:24  Baneling x22  
  200  10:25  Baneling  
  199  10:39  Zergling x14  
  196  10:43  Zergling x6  
  196  10:47  Zergling x2  
  196  10:48  Zergling x18  
  198  10:52  Zergling x2  
  198  10:54  Queen  
  198  10:59  Zergling x4  
  198  11:02  Zergling x10  
  198  11:03  Zergling x2  
  198  11:06  Zergling x10  
  198  11:10  Zergling x8  
  196  11:15  Zergling x4  
  196  11:16  Zergling x4  
  192  11:20  Roach  
  183  11:26  Zergling x6  
  183  11:28  Zergling x2  
  183  11:29  Roach x2  
  183  11:32  Roach x4  
  171  11:34  Roach x4  
  171  11:38  Roach x3  
  173  11:41  Baneling  
  173  11:43  Roach x2  
  168  11:47  Roach x2  
  168  11:50  Roach x2  
  168  11:51  Baneling  
  168  11:52  Baneling x18  
  168  11:53  Hatchery  
  175  11:56  Zergling x4, Extractor  
  175  12:00  Zergling x10  
  181  12:01  Ravager x2  
  181  12:02  Zergling x2, Ravager x2  
  186  12:08  Zergling x12  
  186  12:09  Zergling x6  
  186  12:14  Zergling x2  
  196  12:18  Zergling x8  
  196  12:22  Zergling x6  
  200  12:29  Zergling x10  
  173  12:32  Zergling x2, Roach x3  
  173  12:35  Zergling x10  
  173  12:36  Zergling x6  
  184  12:44  Baneling x10  
  184  12:45  Zergling x2  
  184  12:46  Zergling x12, Baneling x9  
  184  12:47  Baneling x4  
  191  12:53  Zergling x6  
  191  12:56  Roach x2  
  191  12:58  Zergling x4  
  198  13:01  Zergling x4, Roach x2  
  198  13:04  Zergling x6  
  187  13:07  Roach x3  
Show
View Real Time Build Order
Export as new Build Order

GunGFuBanDa Protoss 

Build Orders: 1 Gate Expand, Oracle Opening, Zealot Archon 

Get SALT Encoding   

  12  0:00  Probe  
  13  0:12  Probe  
  14  0:17  Pylon  
  14  0:24  Probe (Chrono Boost)  
  15  0:36  Probe (Chrono Boost)  
  15  0:37  Gateway  
  16  0:44  Probe (Chrono Boost)  
  16  0:47  Assimilator  
  17  0:50  Probe  
  18  1:03  Probe  
  19  1:21  Nexus  
  19  1:31  Cybernetics Core  
  19  1:34  Probe (Chrono Boost)  
  20  1:44  Probe (Chrono Boost)  
  20  1:45  Assimilator  
  21  1:49  Probe (Chrono Boost)  
  21  1:53  Pylon  
  22  2:01  Probe (Chrono Boost)  
  23  2:11  Adept  
  23  2:13  Probe (Chrono Boost)  
  26  2:16  Stargate  
  26  2:20  Probe (Chrono Boost)  
  27  2:23  Warp Gate  
  28  2:33  Probe x2 (Chrono Boost)  
  29  2:41  Adept  
  29  2:43  Probe (Chrono Boost)  
  33  2:44  Probe (Chrono Boost)  
  33  2:51  Probe  
  33  2:53  Probe  
  35  2:59  Oracle (Chrono Boost)  
  35  3:03  Probe  
  39  3:06  Gateway  
  39  3:07  Probe  
  39  3:11  Stalker  
  42  3:15  Probe  
  42  3:18  Pylon  
  43  3:21  Probe  
  44  3:27  Probe  
  44  3:33  Oracle (Chrono Boost), Probe  
  46  3:39  Probe  
  50  3:45  Probe  
  51  3:49  Pylon  
  51  3:54  Nexus  
  51  3:59  Probe x2  
  53  4:07  Twilight Council  
  53  4:10  Forge  
  53  4:11  Probe  
  54  4:25  Probe  
  54  4:26  Probe  
  54  4:29  Assimilator  
  56  4:32  Shield Battery  
  56  4:34  Pylon  
  56  4:37  Probe  
  56  4:38  Probe  
  58  4:40  Zealot, Sentry  
  58  4:41  Protoss Ground Weapons Level 1 (Chrono Boost)  
  58  4:45  Charge (Chrono Boost)  
  62  4:52  Probe x2  
  64  5:04  Probe (Chrono Boost)  
  65  5:08  Gateway  
  65  5:09  Probe (Chrono Boost)  
  65  5:11  Gateway  
  65  5:12  Probe (Chrono Boost)  
  64  5:15  Probe (Chrono Boost), Gateway  
  64  5:18  Probe (Chrono Boost)  
  64  5:20  Probe x2 (Chrono Boost)  
  66  5:24  Sentry  
  66  5:25  Stalker  
  71  5:28  Probe  
  71  5:30  Gateway, Probe x2  
  71  5:31  Gateway  
  71  5:34  Gateway  
  74  5:40  Probe  
  75  5:45  Pylon  
  75  5:47  Pylon  
  75  5:49  Probe x2  
  77  5:51  Photon Cannon  
  77  5:55  Stalker  
  79  5:59  Zealot  
  79  6:03  Pylon  
  81  6:04  Zealot  
  81  6:09  Nexus  
  83  6:12  Zealot x2  
  83  6:14  Probe x3  
  83  6:17  Robotics Facility  
  90  6:23  Zealot x2  
  90  6:24  Zealot  
  90  6:25  Zealot  
  98  6:26  Zealot, Probe  
  101  6:41  Zealot x3  
  101  6:46  Zealot  
  109  6:51  Pylon  
  109  6:53  Protoss Ground Weapons Level 2 (Chrono Boost), Pylon  
  109  6:54  Blink  
  109  6:55  Pylon  
  109  6:56  Templar Archives  
  109  6:57  Photon Cannon  
  109  6:58  Shield Battery  
  105  7:06  Zealot x4  
  105  7:07  Zealot x2  
  107  7:14  Immortal (Chrono Boost)  
  108  7:15  Probe  
  112  7:23  Probe  
  112  7:24  Probe  
  112  7:25  Assimilator  
  112  7:26  Probe  
  112  7:27  Probe  
  116  7:33  Zealot x2, High Templar x2  
  116  7:34  Zealot x2  
  116  7:36  Probe x2  
  128  7:38  Probe  
  128  7:42  Stalker  
  128  7:43  Warp Prism (Chrono Boost)  
  128  7:44  Archon  
  133  7:45  Forge  
  133  7:55  Probe x2  
  133  7:56  Assimilator  
  135  8:01  Gateway  
  135  8:02  Gateway  
  135  8:03  Probe x2  
  135  8:04  Gateway  
  137  8:07  Probe  
  137  8:10  Observer (Chrono Boost)  
  137  8:11  High Templar x2  
  143  8:17  Archon  
  143  8:19  Zealot x3, Protoss Ground Armor Level 1 (Chrono Boost)  
  147  8:25  Pylon  
  147  8:26  Pylon x2  
  147  8:31  Pylon  
  147  8:38  Photon Cannon  
  147  8:43  Immortal (Chrono Boost)  
  147  8:48  Zealot x8  
  148  9:15  Zealot x9  
  162  9:20  Immortal (Chrono Boost), Psionic Storm  
  164  9:30  Photon Cannon x3  
  160  9:34  Protoss Ground Weapons Level 3 (Chrono Boost)  
  158  9:39  High Templar  
  158  9:40  High Templar x2  
  158  9:42  Zealot x8  
  176  9:49  Assimilator  
  176  9:51  Photon Cannon  
  167  10:08  High Templar  
  167  10:09  High Templar  
  167  10:11  Stalker  
  159  10:14  Protoss Ground Armor Level 2 (Chrono Boost)  
  159  10:19  Assimilator  
  155  10:22  Shield Battery  
  155  10:25  Assimilator  
  155  10:26  Shield Battery  
  155  10:28  Pylon  
  155  10:33  Sentry  
  157  10:38  Nexus  
  157  10:39  Stalker x2  
  157  10:40  Stalker x3  
  142  10:51  Zealot x2  
  142  10:52  Zealot x5  
  142  10:53  Immortal  
  142  10:56  Probe  
  150  10:57  Probe x2  
  150  10:59  Pylon  
  131  11:15  Probe, Stalker  
  122  11:23  Archon x2  
  114  11:26  Zealot x6  
  118  11:33  Immortal  
  118  11:34  Probe x3 (Chrono Boost)  
  118  11:35  Pylon  
  118  11:39  Probe (Chrono Boost)  
  116  11:45  Probe (Chrono Boost), High Templar  
  116  11:46  High Templar  
  124  11:49  Probe x3 (Chrono Boost), Pylon  
  124  11:55  Probe x2 (Chrono Boost), Pylon  
  124  11:57  High Templar x2  
  124  12:00  Shield Battery  
  132  12:01  Probe x3 (Chrono Boost)  
  132  12:02  Probe (Chrono Boost)  
  132  12:04  Probe (Chrono Boost)  
  132  12:05  Photon Cannon  
  132  12:07  Probe (Chrono Boost), High Templar  
  135  12:15  Immortal (Chrono Boost)  
  140  12:19  Zealot x5, Probe  
  129  12:35  Probe x2  
  125  12:38  Probe  
  125  12:42  Archon, High Templar x2  
  130  12:45  Zealot x6  
  130  12:51  Warp Prism (Chrono Boost), Probe  
  145  12:53  Photon Cannon, Probe  
  145  12:54  Shield Battery  
  145  12:55  Photon Cannon  
  134  13:05  Probe  
  134  13:07  Zealot x6  
Tags
 
Add a new tag
Caveats
  • Supply blocks, unpowered buildings, or Contaminate may cause inaccurate times.
  • Supply counts are checked every 10 seconds.